 Dungeon Crawl Stone Soup version 0.28.0 (webtiles) character file.

Game seed: 12400209161337467020

360 flotson the Ducker (level 6, -1/47 HPs)
             Began as a Demonspawn Gladiator on Feb 10, 2022.
             Slain by an ogre (18 damage)
             ... on level 4 of the Dungeon.
             The game lasted 00:06:02 (3859 turns).

flotson the Ducker (Demonspawn Gladiator)           Turns: 3859, Time: 00:06:02

Health: -1/47      AC:  7    Str: 16    XL:     6   Next: 38%
Magic:  6/6        EV: 17    Int:  9    God:
Gold:   211        SH:  0    Dex: 15    Spells: 5/5 levels left

rFire   . . .      SeeInvis .   f - +0 quarterstaff
rCold   . . .      Faith    .   (shield currently unavailable)
rNeg    . . .      Spirit   .   m - +0 ring mail
rPois   .          Reflect  .   c - +0 helmet
rElec   .          Harm     .   (no cloak)
rCorr   .          Rampage  .   b - +0 pair of gloves
Will    .....                   (no boots)
Stlth   +.........              (no amulet)
HPRegen 0.15/turn               (no ring)
MPRegen 0.10/turn               (no ring)

@: agile
A: hooves 2, powered by pain 1
a: no special abilities


You were on level 4 of the Dungeon.
You visited 2 branches of the dungeon, and saw 5 of its levels.

You collected 211 gold pieces.

Inventory:

Hand Weapons
 a - a +0 war axe
 f - a +0 quarterstaff (weapon)
Missiles
 e - 5 boomerangs
 g - a throwing net (quivered)
Armour
 b - a +0 pair of gloves (worn)
 c - a +0 helmet (worn)
 m - a +0 ring mail (worn)
Scrolls
 h - 6 scrolls of identify {unknown}
 i - a scroll of immolation {unknown}
 j - a scroll of teleportation {unknown}
 k - a scroll of fear {unknown}
 l - 3 scrolls of enchant armour {unknown}
 o - a scroll of blinking {unknown}
Potions
 d - a potion of curing
 n - a potion of cancellation
 p - a potion of flight {unknown}


   Skills:
 + Level 3.4 Fighting
 + Level 3.7 Axes
 + Level 3.1 Throwing
 + Level 2.3 Armour
 + Level 3.8 Dodging


You had 5 spell levels left.
You didn't know any spells.
Your spell library contained the following spells:

 Spells                   Type           Power      Damage    Failure   Level
 Sandblast                Erth           0%         2d4       58%         1
 Passwall                 Tmut/Erth      0%         N/A       75%         2
 Stone Arrow              Conj/Erth      0%         3d7       92%         3


Dungeon Overview and Level Annotations

Branches:
Dungeon (4/15)             Temple (1/1) D:4

Altars:
Cheibriados
Fedhas
Nemelex Xobeh
Qazlal
Sif Muna
Trog
Vehumet
Yredelemnul
Zin
The Shining One

Shops:
D:3 (

Annotations:
D:3 3 runed translucent doors, Jase's ghost, amateur OpVM; Rykito's ghost, amateur MiFi


Innate Abilities, Weirdness & Mutations

You have hoof-like feet.
You sometimes gain a little power by taking damage.


Message History

There is an open door here.
There is an open door here.
You now have 211 gold pieces (gained 11).
There is an open door here.
h - 6 scrolls labelled ODUEPT BUOHIFRE (gained 1)
An iron imp comes into view.
Found a snail-covered altar of Cheibriados.
The iron imp shouts!
Found a scroll labelled OMMUPR HOIF.
An ogre comes into view. It is wielding a +0 giant spiked club.
You hit the iron imp but do no damage.
The iron imp hits you but does no damage.
You hit the iron imp. Your kick misses the iron imp.
The iron imp is lightly wounded.
The iron imp barely misses you.
You closely miss the iron imp.
The iron imp is lightly wounded.
The iron imp hits you but does no damage.
You hit the iron imp but do no damage.
You kick the iron imp, but do no damage.
The iron imp is lightly wounded.
The iron imp closely misses you.
You hit the iron imp.
You kick the iron imp, but do no damage.
The iron imp is moderately wounded.
The ogre hits you with a +0 giant spiked club.
The iron imp completely misses you.
You barely miss the iron imp.
The iron imp is moderately wounded.
The ogre barely misses you. The iron imp barely misses you.
You hit the iron imp.
The iron imp is heavily wounded.
The ogre hits you with a +0 giant spiked club!!
Ouch! That really hurt!
You focus on the pain.
You feel agile all of a sudden. The iron imp closely misses you.
There is a stone staircase leading up here.
The ogre hits you with a +0 giant spiked club!!
You die...

##### #### #######...#########
#.?.. #.................# ....#
#.#####....######.# .....# #...#
#....#...@#.# ####.....#
#...###....###O##.####.........
#...'......#..>...5............
#...###......#.######......_...
##...###......#.### #..........
..................# #..........
#.#...#...#...#.#.# #.###.....#
...###.....###[.#[####.# .....#
...#.#.#...#.#.........###.....#


You could see an ogre.

Vanquished Creatures
  A phantom (D:3)
  A bullfrog (D:4)
  A scorpion (D:4)
  An iguana (D:4)
  A hound skeleton (D:4)
  4 adders
  An ufetubus (D:4)
  2 worms
  A dart slug (D:1)
  4 orcs
  11 endoplasms
  3 goblins
  3 hobgoblins
  7 jackals (D:1)
  6 kobolds
  4 quokkas
  7 ball pythons
  5 bats
  3 frilled lizards
  9 rats
75 creatures vanquished.

Notes
Turn   | Place    | Note
-------+----------+-------------------------------------------
     0 | D:1      | flotson the Demonspawn Gladiator began the quest for the
                  | Orb.
     0 | D:1      | Reached XP level 1. HP: 16/16 MP: 1/1
    60 | D:1      | Gained mutation: You sometimes gain a little power by
                  | taking damage. [demonic ancestry]
    60 | D:1      | Reached XP level 2. HP: 11/22 MP: 2/2
   226 | D:1      | Found a faded altar of an unknown god.
   535 | D:1      | Gained mutation: You have large cloven feet. [demonic
                  | ancestry]
   535 | D:1      | Reached XP level 3. HP: 27/28 MP: 3/3
   604 | D:1      | Reached skill level 1 in Armour
  1682 | D:3      | Found a runed translucent gate.
  1682 | D:3      | Found a runed translucent gate.
  1682 | D:3      | Found a runed translucent gate.
  1683 | D:3      | Noticed Rykito's ghost (amateur MiFi)
  1684 | D:3      | Noticed Jase's ghost (amateur OpVM)
  1689 | D:3      | Found Apargh's Weapon Boutique.
  1705 | D:3      | Reached XP level 4. HP: 10/34 MP: 4/4
  2872 | D:3      | Noticed a phantom
  2885 | D:3      | Killed a phantom
  2886 | D:3      | Reached XP level 5. HP: 33/41 MP: 5/5
  3099 | D:4      | Found a staircase to the Ecumenical Temple.
  3128 | D:4      | HP: 2/61 [iguana (7)]
  3135 | D:4      | Gained mutation: You have hoof-like feet. [demonic
                  | ancestry]
  3135 | D:4      | Reached XP level 6. HP: 10/47 MP: 6/6
  3340 | Temple   | Entered the Ecumenical Temple
  3838 | D:4      | Found a snail-covered altar of Cheibriados.
  3859 | D:4      | Slain by an ogre

Illustrated notes

Levels and vault maps discovered:
D:1:      onia_arrival_handbag, layout_basic, ebering_ecumenical_altar_ruins
D:2:      layout_loops_ring
D:3:      layout_basic, gammafunk_ghost_cemetery, serial_shops,
          nicolae_shop_hallway_plus
D:4:      layout_basic, slow_altar_1, minmay_temple_entry_stoned_glass,
          minmay_fractal_squares_diagonal_5
Temple:   jpeg_temple_island

Skill      XL: |  1  2  3  4  5 |
---------------+----------------+-----
Throwing       | 2 3 |  3.1
Dodging        | 3 |  3.8
Armour         | 1 2 |  2.3
Axes           | 3 |  3.7
Fighting       | 3 |  3.4

Action                   |  1- 3 |  4- 6 || total
-------------------------+-------+-------++-------
Melee: War axe           |    45 |       ||    45
       Quarterstaff      |    59 |   124 ||   183
       Kick              |     9 |    26 ||    35
Throw: Throwing net      |       |     3 ||     3
  Use: Potion            |       |     3 ||     3
 Stab: Sleeping          |     1 |       ||     1
Armor: Leather armour    |    43 |       ||    43
       Ring mail         |       |    47 ||    47
       Skin              |       |    15 ||    15
Dodge: Dodged            |    75 |    86 ||   161
